 Dungeon Crawl Stone Soup version 0.31-a0-1343-gcd514f47d3 (webtiles) character file.

Game seed: 13314775642120948534

2095 soggoth the Covert (level 9, -3/65 HPs)
             Began as a Vampire Enchanter on Dec 22, 2023.
             Was a Follower of Vehumet.
             Slain by a wyvern zombie (11 damage)
             ... on level 7 of the Dungeon.
             The game lasted 00:29:40 (6777 turns).

soggoth the Covert (Vampire Enchanter)              Turns: 6777, Time: 00:29:40

Health: -3/65      AC:  8    Str:  7    XL:     9   Next: 7%
Magic:  15/15      EV: 13    Int: 19    God:    Vehumet [*.....]
Gold:   384        SH:  0    Dex: 17    Spells: 11/16 levels left

rFire   . . .        i - +2 dagger (drain)
rCold   . . .        B - orb {mayhem}
rNeg    . . .        o - +0 leather armour
rPois   .            (no helmet)
rElec   .            (no cloak)
rCorr   .            y - +0 pair of gloves
SInv    +            (no boots)
Will    .....        (no amulet)
Stlth   ++++         j - +4 ring of protection
HPRegen 0.50/turn    (no ring)
MPRegen 0.14/turn

%: mayhem
@: healing quickly
A: alive, fangs 3, see invisible, vampiric 2
a: Exsanguinate, Renounce Religion


You were on level 7 of the Dungeon.
You worshipped Vehumet.
Vehumet was aware of your devotion.
You visited 2 branches of the dungeon, and saw 9 of its levels.

You collected 384 gold pieces.

Inventory:

Hand Weapons
 a - a +2 dagger of venom
 f - a +0 short sword
 i - a +2 dagger of draining (weapon)
 q - a +0 dagger
Armour
 o - a +0 leather armour (worn)
 y - a +0 pair of gloves (worn)
 B - an orb of mayhem (worn)
Magical Staves
 m - a staff of alchemy
Jewellery
 j - a +4 ring of protection (left hand)
 x - an amulet of guardian spirit
 A - a ring of fire
Wands
 k - a wand of polymorph (5)
 p - a wand of mindburst (7)
 s - a wand of paralysis (4)
 t - a wand of digging (3)
 w - a wand of flame (11)
Scrolls
 d - a scroll of vulnerability
 e - 4 scrolls of identify
 z - 2 scrolls of enchant armour {unknown}
Potions
 b - a potion of attraction {unknown}
 c - 2 potions of invisibility
 g - a potion of enlightenment {unknown}
 h - a potion of might
 l - a potion of cancellation {unknown}
 r - a potion of lignification {unknown}
 u - a potion of haste {unknown}


   Skills:
 * Level 3.8 Fighting
 + Level 5.0 Short Blades
 * Level 3.8 Armour
 + Level 4.4 Dodging
 + Level 8.8 Stealth
 * Level 4.4 Spellcasting
 * Level 7.7 Hexes
 - Level 1.0 Ice Magic


You had 11 spell levels left.
You knew the following spells:

 Your Spells              Type           Power      Damage    Failure   Level
a - Ensorcelled Hibernat  Hex/Ice        40%        N/A       4%          2
b - Tukima's Dance        Hex            33%        N/A       2%          3

Your spell library contained the following spells:

 Spells                   Type           Power      Damage    Failure   Level
 Freeze                   Ice            32%        1d5       13%         1
 Confusing Touch          Hex            33%        N/A       2%          3
 Dazzling Flash           Conj/Hex       36%        N/A       12%         3
 Lesser Beckoning         Tloc           8%         N/A       28%         2
 Gell's Gravitas          Tloc           4%         N/A       50%         3
 Teleport Other           Tloc           4%         N/A       50%         3


Dungeon Overview and Level Annotations

Branches:
Dungeon (8/15)             Temple (1/1) D:5
   Lair: D:8-11

Altars:
Ashenzari
Cheibriados
Dithmenos
Fedhas
Gozag
Hepliaklqana
Kikubaaqudgha
Makhleb
Nemelex Xobeh
Okawaru
Qazlal
Ru
Sif Muna
Trog
Uskayaw
Vehumet
Wu Jian
Xom
Yredelemnul

Shops:
D:6 =(

Annotations:
D:2 Natasha


Innate Abilities, Weirdness & Mutations

Your natural rate of healing is accelerated.
You have razor-sharp teeth.
You have supernaturally acute eyesight. (SInv)
You are afflicted with vampirism and can become a bat while bloodless.


Message History

The hornet zombie is almost destroyed.
The hornet zombie closely misses you. The hornet zombie hits you.
* * * LOW HITPOINT WARNING * * *
You hit the hornet zombie.
The hornet zombie is almost destroyed.
The hornet zombie hits you.
* * * LOW HITPOINT WARNING * * *
You feel better.
The hornet zombie hits you but does no damage.
You hit the hornet zombie but do no damage.
The hornet zombie is almost destroyed.
The hornet zombie barely misses you.
You hit the hornet zombie but do no damage.
The hornet zombie is almost destroyed.
The hornet zombie hits you!
* * * LOW HITPOINT WARNING * * *
You hit the hornet zombie.
The hornet zombie is almost destroyed.
The hornet zombie hits you but does no damage.
You hit the hornet zombie but do no damage.
The hornet zombie is almost destroyed.
The hornet zombie hits you but does no damage.
You barely miss the hornet zombie.
The hornet zombie is almost destroyed.
The hornet zombie closely misses you.
You hit the hornet zombie. You bite the hornet zombie.
You destroy the hornet zombie!
Vehumet accepts your kill.
Your life force feels restored.
Your Short Blades skill increases to level 5!
You barely miss the wyvern zombie.
The wyvern zombie is lightly damaged.
The wyvern zombie misses you.
You hit the wyvern zombie.
The wyvern zombie is moderately damaged.
The wyvern zombie bites you but does no damage.
You hit the wyvern zombie. You bite the wyvern zombie.
The wyvern zombie is moderately damaged.
The wyvern zombie bites you!
You die...

#.............#
#.............#.......
#.............#......
##..........##.#.)......
............##.#........
............##.#........
............##.#.. ... #
.)..........#..#Z##.# .#
...##.......#...@...#..#
...##.......#..........#
...#######+###8....##.##
...# #.....##.# ...#
#.....#.)..).# ...#
#########[#### #.#
##################.#
...................#


You could see a wyvern zombie.

Vanquished Creatures
  Jeremiah (D:7)
  A steam dragon (D:6)
  A hornet zombie (D:7)
  3 ice beasts
  An ogre (D:6)
  A centaur (D:6)
  A phantom (D:6)
  A kobold brigand (D:8)
  A bullfrog (D:7)
  A scorpion (D:6)
  A wight (D:7)
  4 centaur zombies (D:7)
  3 hounds
  A jelly (D:5)
  An orc priest (D:4)
  A gnoll bouda (D:6)
  3 orc wizards
  Natasha (D:2)
  3 iguanas
  A killer bee zombie (D:7)
  Robin (D:4)
  7 gnolls
  6 adders
  2 shadow imps
  A white imp (D:4)
  3 bombardier beetles
  2 ufetubi (D:6)
  2 dart slugs (D:4)
  3 worms
  11 orcs
  2 ball pythons
  4 endoplasms
  12 giant cockroaches
  20 goblins
  6 hobgoblins
  10 kobolds
  3 quokkas
  7 bats
  4 frilled lizards
  2 rats
139 creatures vanquished.

Vanquished Creatures (collateral kills)
  A wight (D:7)
1 creature vanquished.

Vanquished Creatures (others)
  An orc (D:4)
1 creature vanquished.

Grand Total: 141 creatures vanquished

Notes
Turn   | Place    | Note
-------+----------+-------------------------------------------
     0 | D:1      | soggoth the Vampire Enchanter began the quest for the Orb.
     0 | D:1      | Reached XP level 1. HP: 13/13 MP: 3/3
   372 | D:1      | Reached XP level 2. HP: 18/19 MP: 5/5
  1074 | D:2      | Reached skill level 5 in Stealth
  1074 | D:2      | Gained mutation: You are afflicted with vampirism and can
                  | become a bat while bloodless. [Vampire growth]
  1074 | D:2      | Reached XP level 3. HP: 12/25 MP: 6/6
  1110 | D:2      | Learned a level 2 spell: Ensorcelled Hibernation
  1637 | D:2      | Reached XP level 4. HP: 31/31 MP: 7/7
  1723 | D:2      | Noticed Natasha
  1727 | D:2      | Killed Natasha
  1728 | D:2      | Reached skill level 1 in Armour
  1728 | D:2      | Reached skill level 1 in Ice Magic
  2005 | D:2      | Reached skill level 1 in Fighting
  2008 | D:2      | Found a shimmering altar of Xom.
  2066 | D:2      | Noticed Natasha
  2404 | D:3      | Found a broken altar of Ashenzari.
  2541 | D:3      | Reached skill level 5 in Hexes
  2802 | D:3      | Found a burning altar of Makhleb.
  2802 | D:3      | Noticed a blizzard demon
  2805 | D:3      | Noticed a smoke demon
  2805 | D:3      | Noticed a hellwing
  3155 | D:4      | Noticed Robin
  3177 | D:4      | Reached XP level 5. HP: 30/37 MP: 8/8
  3183 | D:4      | Killed Robin
  3198 | D:4      | Found an ornate altar of the Wu Jian Council.
  3208 | D:4      | Found a basalt altar of Yredelemnul.
  3215 | D:4      | Found a stormy altar of Qazlal.
  3914 | D:4      | Reached XP level 6. HP: 40/43 MP: 9/9
  4198 | D:5      | Entered Level 5 of the Dungeon
  4208 | D:5      | Reached skill level 6 in Stealth
  4244 | D:5      | Noticed an ice beast
  4319 | D:5      | You fall into a shaft and drop 3 floors!
  4516 | D:7      | Noticed Jeremiah
  4630 | D:6      | Reached XP level 7. HP: 49/50 MP: 6/11
  4694 | D:6      | Found Vawege's Antique Weapon Emporium.
  4721 | D:6      | Noticed a steam dragon
  4911 | D:5      | Reached skill level 7 in Stealth
  4930 | D:5      | Learned a level 3 spell: Tukima's Dance
  4945 | D:5      | Found a staircase to the Ecumenical Temple.
  4953 | Temple   | Entered the Ecumenical Temple
  5046 | Temple   | Became a worshipper of Vehumet
  5181 | D:5      | Found a shadowy altar of Dithmenos.
  5404 | D:6      | Reached XP level 8. HP: 57/57 MP: 13/13
  5409 | D:6      | Found Moto's Jewellery Shoppe.
  5855 | D:6      | Reached skill level 8 in Stealth
  6351 | D:7      | Reached * piety under Vehumet
  6351 | D:7      | Offered knowledge of Freeze by Vehumet.
  6379 | D:7      | Killed Jeremiah
  6730 | D:7      | Reached XP level 9. HP: 43/62 MP: 12/15
  6766 | D:7      | HP: 3/63 [hornet zombie (3)]
  6775 | D:7      | Reached skill level 5 in Short Blades
  6777 | D:7      | Slain by a wyvern zombie

Illustrated notes

Levels and vault maps discovered:
D:1:      minmay_arrival_stair_chambers, layout_basic, dk_noncrumbling_3,
          chequers_serial_rivers_micro_a, minmay_misc_feat_tiny
D:2:      minmay_roachtagon, layout_basic, basic_altar, serial_forest,
          infiniplex_forest_lined_corner, infiniplex_forest_lined_2,
          infiniplex_forest_corner_1, infiniplex_forest_split,
          infiniplex_forest_straight_3, infiniplex_forest_clump_large,
          minmay_unequal, uniq_natasha
D:3:      layout_loops_ring, lemuel_doored_altar, makhleb_altar_promises_db
D:4:      layout_loops_ring, minitemple, skrybe_limestone_x, uniq_robin
D:5:      layout_rooms, mainiacjoe_overflow_alcove_2,
          minmay_temple_entry_nine_rooms, chequers_serial_rivers_micro_d
D:6:      layout_cave_pools, serial_shops, nicolae_shop_gaudy_bauble, shop,
          minmay_ogre_servants
D:7:      layout_basic, enter_bailey_5, serial_undead, serial_undead_e,
          serial_undead_c, serial_undead_c, serial_undead_a, uniq_jeremiah
D:8:      layout_loops_ring, kennysheep_donut, uniq_erica
Temple:   nicolae_temple_x_marks_the_god

Skill      XL: |  1  2  3  4  5  6  7  8  9 |
---------------+----------------------------+-----
Stealth        | 5 6 7 8 |  8.8
Short Blades   | 2 3 4 5 |  5.0
Armour         | 1 2 3 |  3.8
Ice Magic      | 1 |  1.0
Fighting       | 1 2 3 |  3.8
Hexes          | 5 6 7 |  7.7
Dodging        | 3 4 |  4.4
Spellcasting   | 3 4 |  4.4

Action                     |  1- 3 |  4- 6 |  7- 9 || total
---------------------------+-------+-------+-------++-------
  Melee: Dagger            |   156 |   158 |   278 ||   592
         Bite              |    20 |    17 |    42 ||    79
   Cast: Ensorcelled Hiber |       |    18 |     7 ||    25
         Tukima's Dance    |       |       |     2 ||     2
  Evoke: Wand              |       |       |     2 ||     2
    Use: Scroll            |       |    10 |     2 ||    12
         Potion            |       |     2 |     2 ||     4
   Stab: Sleeping          |    10 |    19 |     9 ||    38
 Armour: Robe              |    78 |    20 |       ||    98
         Leather armour    |       |    77 |   222 ||   299
  Dodge: Dodged            |   122 |    87 |   189 ||   398

Table legend: (Time is in decaauts)
 A = Elapsed time spent in this place.
 B = Non-inter-level travel time spent in this place.
 C = Inter-level travel time spent in this place.
 D = Time resting spent in this place.
 E = Time spent auto-exploring this place.
 F = Levels seen in this place.
 G = Mean time per level.
                   A        B        C        D        E       F      G
               +--------+--------+--------+--------+--------+-----+--------+
         Total |   6689 |   6689 |      0 |    599 |   2876 |   9 |  743.2 |
       Dungeon |   6580 |   6580 |      0 |    599 |   2876 |   8 |  822.5 |
        Temple |    108 |    108 |      0 |      0 |      0 |   1 |  108.0 |
               +--------+--------+--------+--------+--------+-----+--------+

Top non-repeatable levels by time:
     D:2: 1269 daAuts
     D:1: 1050 daAuts
     D:4: 1017 daAuts
     D:6: 941 daAuts
     D:3: 833 daAuts
     D:7: 766 daAuts
     D:5: 679 daAuts
  Temple: 108 daAuts
     D:8: 21 daAuts
